 Dungeon Crawl Stone Soup version 0.31-a0-473-g61b50ae490 (webtiles) character file.

Game seed: 4828382072648620214

83 avis the Ducker (level 4, -2/21 HPs)
             Began as a Felid Shapeshifter on Aug 6, 2023.
             Was an Initiate of Gozag.
             Succumbed to poison (dark miasma)
             ... on level 3 of the Dungeon.
             The game lasted 00:08:26 (2162 turns).

avis the Ducker (Felid Shapeshifter)                Turns: 2162, Time: 00:08:27

Health: -2/21      AC:  1    Str: 11    XL:     4   Next: 22%
Magic:  5/5        EV: 20    Int: 10    God:    Gozag
Gold:   120        SH:  5    Dex: 18    Spells: 3/3 levels left
                                        Lives:  0   Deaths: 1

rFire   . .          .
                       - Unarmed
rCold   . . .        (shield unavailable)
rNeg    . . .        (body armour unavailable)
rPois   .            (helmet unavailable)
rElec   .            (cloak unavailable)
rCorr   .            (gloves unavailable)
SInv    +            (boots unavailable)
Will    .....        q - amulet of reflection
Stlth   ++           (no ring)
HPRegen 0.23/turn    (no ring)
MPRegen 0.09/turn

%: reflection
@: lethally poisoned (-2 -> -32), beast-form, slowed, wreathed by umbra, slow
A: beast (slay +2), very small, claws 1, fangs 3, see invisible, speed 1, shaggy
fur 1, stealthy paws, no weapons or thrown items, no armour, multi-lived
a: Begin Untransformation, Renounce Religion, Potion Petition, Call Merchant,
Bribe Branch


You were on level 3 of the Dungeon.
You worshipped Gozag.
Gozag was aware of your devotion.
You were a hulking beast.
You visited 1 branch of the dungeon, and saw 3 of its levels.

You collected 159 gold pieces.
You paid 39 gold pieces to Gozag.

Inventory:

Jewellery
 n - a ring of fire
 q - an amulet of reflection (around neck)
Talismans
 b - a beast talisman (active)
 s - a serpent talisman
Scrolls
 c - a scroll of vulnerability {unknown}
 d - 3 scrolls of silence {unknown}
 g - a scroll of fear {unknown}
 h - a scroll of immolation {unknown}
 i - a scroll of blinking {unknown}
 l - a scroll of teleportation {unknown}
 m - a scroll of poison {unknown}
 o - 3 scrolls of identify {unknown}
 p - a scroll of fog {unknown}
Potions
 a - 2 potions of lignification
 e - a potion of degeneration {unknown}
 f - 4 potions of curing {unknown}
 j - a potion of might {unknown}
 k - a potion of cancellation {unknown}
 r - 3 potions of resistance {unknown}


   Skills:
 - Level 3.0 Fighting
 * Level 6.1 Dodging
 - Level 3.0 Unarmed Combat
 - Level 3.2 Shapeshifting


You had 3 spell levels left.
You didn't know any spells.
Your spell library contained the following spells:

 Spells                   Type           Power      Damage    Failure   Level
 Lesser Beckoning         Tloc           0%         N/A       50%         2
 Gell's Gravitas          Tloc           0%         N/A       75%         3
 Teleport Other           Tloc           0%         N/A       75%         3


Dungeon Overview and Level Annotations

Branches:
Dungeon (3/15)

Altars:
Dithmenos
Gozag
Yredelemnul
The Shining One


Innate Abilities, Weirdness & Mutations

You are a hulking beast.
Your limbs bulge with bestial killing power. (Slay +2)
You have sharp claws.
You have razor-sharp teeth.
You have supernaturally acute eyesight. (SInv)
You cover ground quickly. (Speed+)
You are covered in fur. (AC +1)
Your paws help you pounce on unaware monsters.
You are incapable of wielding weapons or throwing items.
You cannot wear armour.
You gain extra lives every three experience levels.


Message History

Things that are here:
a +0 club; 6 poisoned darts; a kobold skeleton You open the door.
Found a basalt altar of Yredelemnul.
Found 4 gold pieces and a serpent talisman.
There is an open door here.
Really walk into that cloud of foul pestilence?
Really walk into a travel-excluded area?
You are engulfed in dark miasma.
You are lethally poisoned!
You feel very sick.
You see here 4 gold pieces.
You now have 120 gold pieces (gained 4).
You are engulfed in dark miasma.
You are more poisoned.
You feel yourself slow down.
* * * LOW HITPOINT WARNING * * *
You die...
Your shape twists and changes as you die.
You feel extremely sick.
You are now level 4!
You rejoin the land of the living...
You see here a +0 dagger.
There is a stone staircase leading up here.
Done exploring.
Done exploring.
There is an open door here.
Unknown command.
Unknown command.
Really walk into a travel-excluded area?
You are engulfed in dark miasma.
You are poisoned.
You feel very sick.
You see here a serpent talisman.
s - a serpent talisman You are engulfed in dark miasma.
You are more poisoned.
You feel yourself slow down.
* * * LOW HITPOINT WARNING * * *
You die...
Your body crumbles into a pile of gold.

..##..## #.# #.# #.# #..#..# #.#
#.# #.# ##...## #.# #.# #.#
.....# #.# #.######.# ###### #.#
#........# # ##### #.# ###..#####
# #...# ### ##.##
#######.#############.).#########
........# ###§.h.§.#...#.§.§.§##
#######.# #A#._....'...'...._.#A
#.# ###§.§.§.#...#...§.§## #.#
##########...#########
#.##############.##
#................#
##################


You could see a profane servitor.

Vanquished Creatures
  A hound (D:3)
  Jessica (D:2)
  Natasha (twice) (D:2)
  2 adders
  2 dart slugs (D:1)
  A worm (D:2)
  3 endoplasms (D:1)
  3 goblins
  4 hobgoblins
  2 quokkas
  4 ball pythons
  3 bats
  4 frilled lizards
  6 kobolds
  6 rats
44 creatures vanquished.

Notes
Turn   | Place    | Note
-------+----------+-------------------------------------------
     0 | D:1      | avis the Felid Shapeshifter began the quest for the Orb.
     0 | D:1      | Reached XP level 1. HP: 9/9 MP: 2/2
    57 | D:1      | Reached skill level 3 in Dodging
   100 | D:1      | Reached XP level 2. HP: 7/12 MP: 3/3
   203 | D:1      | Found a faded altar of an unknown god.
   651 | D:2      | Reached skill level 4 in Dodging
   740 | D:2      | Noticed Jessica
   752 | D:2      | Reached XP level 3. HP: 15/16 MP: 4/4
   753 | D:2      | Killed Jessica
   800 | D:2      | Noticed Natasha
   807 | D:2      | Killed Natasha
   808 | D:2      | Reached skill level 5 in Dodging
   808 | D:2      | Reached XP level 4. HP: 20/20 MP: 5/5
  1037 | D:2      | Noticed Natasha
  1047 | D:2      | Killed Natasha
  1585 | D:3      | Found an opulent altar of Gozag.
  1590 | D:3      | Became a worshipper of Gozag Ym Sagoz the Greedy
  1602 | D:3      | Reached skill level 6 in Dodging
  1602 | D:3      | Reached XP level 5. HP: 13/24 MP: 6/6
  1698 | D:3      | Found a glowing golden altar of the Shining One.
  1700 | D:3      | Noticed an angel
  1775 | D:3      | Found a shadowy altar of Dithmenos.
  2027 | D:3      | Found a basalt altar of Yredelemnul.
  2029 | D:3      | Noticed a profane servitor
  2050 | D:3      | Succumbed to poison (dark miasma)
  2051 | D:3      | Reached XP level 4. HP: -3/21 MP: 5/5
  2162 | D:3      | Succumbed to poison (dark miasma)

Illustrated notes

Levels and vault maps discovered:
D:1:      lightli_molten_gateway, layout_rooms,
          shapermc_ecumenical_altar_notcrosses
D:2:      layout_loops_ring, kennysheep_generic_room_8, uniq_jessica,
          uniq_natasha
D:3:      layout_loops_ring, grunt_temple_overflow_holy_war,
          mainiacjoe_overflow_small_starburst,
          nicolae_dithmenos_through_a_glass_darkly

Skill      XL: |  1  2  3  4 |
---------------+-------------+-----
Dodging        | 3 4 5 6 |  6.1
Fighting       | 2 3 |  3.0
Unarmed Combat | |  3.0
Shapeshifting  | |  3.2

Action                     |  1- 3 |  4- 6 || total
---------------------------+-------+-------++-------
  Melee: Unarmed           |    59 |    48 ||   107
         Bite              |     5 |     5 ||    10
   Stab: Sleeping          |       |     2 ||     2
 Armour: Skin              |     1 |     4 ||     5
  Dodge: Dodged            |    37 |    34 ||    71

Table legend: (Time is in decaauts)
 A = Elapsed time spent in this place.
 B = Non-inter-level travel time spent in this place.
 C = Inter-level travel time spent in this place.
 D = Time resting spent in this place.
 E = Time spent auto-exploring this place.
 F = Levels seen in this place.
 G = Mean time per level.
                   A        B        C        D        E       F      G
               +--------+--------+--------+--------+--------+-----+--------+
         Total |   1811 |   1609 |    202 |    153 |   1034 |   3 |  603.7 |
       Dungeon |   1811 |   1609 |    202 |    153 |   1034 |   3 |  603.7 |
               +--------+--------+--------+--------+--------+-----+--------+

Top non-repeatable levels by time:
     D:2: 694 daAuts
     D:3: 661 daAuts
     D:1: 455 daAuts
